 Dungeon Crawl Stone Soup version 0.29-a0-551-gffc1d7fb78 (webtiles) character file.

Game seed: 4614614207735231841

29 nobbins the Conjurer (level 3, 0/27 HPs)
             Began as a Draconian Conjurer on June 6, 2022.
             Frozen to death by an endoplasm (4 damage)
             ... on level 1 of the Dungeon.
             The game lasted 00:06:22 (1186 turns).

nobbins the Conjurer (Draconian Conjurer)           Turns: 1186, Time: 00:06:23

Health: 0/27       AC:  5    Str:  9    XL:     3   Next: 1%
Magic:  2/6        EV: 12    Int: 20    God:
Gold:   29         SH:  0    Dex:  9    Spells: 5/6 levels left

rFire   . . .      SeeInvis .   b - +0 dagger
rCold   . . .      Faith    .   (no shield)
rNeg    . . .      Spirit   .   (body armour unavailable)
rPois   .          Reflect  .   (helmet restricted)
rElec   .          Harm     .   (no cloak)
rCorr   .          Rampage  .   (no gloves)
Will    .....                   (no boots)
Stlth   ++........              (no amulet)
HPRegen 0.09/turn               (no ring)
MPRegen 0.10/turn               (no ring)

@: slowed, very slow
A: AC +5, unfitting armour, cold-blooded
a: no special abilities


You were on level 1 of the Dungeon.
You visited 1 branch of the dungeon, and saw 1 of its levels.

You collected 29 gold pieces.

Inventory:

Hand Weapons
 b - a +0 dagger (weapon)
 g - a +0 club
Scrolls
 c - 2 scrolls of blinking
 d - a scroll of poison {unknown}
 e - a scroll of identify
 f - a scroll of fear
Potions
 a - 2 potions of magic


   Skills:
 + Level 0.3 Fighting
 + Level 2.2 Dodging
 + Level 1.8 Stealth
 + Level 2.2 Spellcasting
 + Level 4.5 Conjurations


You had 5 spell levels left.
You knew the following spells:

 Your Spells              Type           Power      Damage    Failure   Level
a - Magic Dart            Conj           80%        1d7       2%          1

Your spell library contained the following spells:

 Spells                   Type           Power      Damage    Failure   Level
 Searing Ray              Conj           40%        2d5       3%          2
 Dazzling Flash           Conj/Hex       22%        N/A       19%         3
 Fulminant Prism          Conj/Hex       5%         3d7       52%         4
 Iskenderun's Mystic Bla  Conj/Tloc      11%        2d4       52%         4


Dungeon Overview and Level Annotations

Branches:
Dungeon (1/15)

Altars:


Innate Abilities, Weirdness & Mutations

Your plain brown scales are hard. (AC +5)
You cannot fit into any form of body armour.
You are cold-blooded and may be slowed by cold attacks.


Message History

Increase (S)trength, (I)ntelligence, or (D)exterity?
You feel clever. x2; Your scales feel tougher.
Casting: Magic Dart (safe; 2% risk of failure)
Confirm with . or Enter, or press ? or * to list all spells.
Aiming: Magic Dart (safe; 2% risk of failure)
Press: ? - help, Shift-Dir - straight line, f/p - endoplasm
Aim: an endoplasm (100% to hit)
The magic dart hits the endoplasm.
The endoplasm is lightly wounded.
The endoplasm closely misses you. The endoplasm attacks as you move away!
The endoplasm hits you but does no damage.
The endoplasm attacks as you move away!
The endoplasm hits you but does no damage.
There is an open door here.
The endoplasm attacks as you move away! The endoplasm hits you.
The endoplasm attacks as you move away! The endoplasm closely misses you.
The endoplasm attacks as you move away! The endoplasm hits you.
There is an open door here.
The endoplasm attacks as you move away!
The endoplasm hits you but does no damage.
Casting: Magic Dart (safe; 2% risk of failure)
Confirm with . or Enter, or press ? or * to list all spells.
Aiming: Magic Dart (safe; 2% risk of failure)
Press: ? - help, Shift-Dir - straight line, f/p - endoplasm
Aim: an endoplasm (100% to hit)
The magic dart hits the endoplasm.
The endoplasm is heavily wounded.
The endoplasm freezes you.
You are frozen.
* * * LOW HITPOINT WARNING * * *
You feel yourself slow down. The endoplasm attacks as you move away!
The endoplasm hits you.
* * * LOW HITPOINT WARNING * * *
There is a stone staircase leading down here.
The endoplasm hits you.
* * * LOW HITPOINT WARNING * * *
The endoplasm freezes you.
You are frozen.
You die...

#........######.#
#########.######........#
#......##.#.........##..#
#......##.#.........'...#
#......##.#....J....#...#
#......##.##'########...##
#......##.##J# #J...#
#####......##.##J# #..#.#
....†...........@## #..#.#
#.###.............# #..# #
#.# #.............# #.†#
#.# #.....†.......# #..#
#.# #.............### #..#
#.# #.............#...
#..# #.#
#######.......#....##..#
#.# ###.....+....†...# #.#
######....###.#


You could see 2 endoplasms.

Vanquished Creatures
  6 bats (D:1)
  4 endoplasms (D:1)
  A giant cockroach (D:1)
  2 goblins (D:1)
  2 hobgoblins (D:1)
  3 jackals (D:1)
  2 quokkas (D:1)
  2 ball pythons (D:1)
  2 rats (D:1)
24 creatures vanquished.

Vanquished Creatures (others)
  A plant (D:1)
  5 toadstools (D:1)
6 creatures vanquished.

Grand Total: 30 creatures vanquished

Notes
Turn   | Place    | Note
-------+----------+-------------------------------------------
     0 | D:1      | nobbins the Draconian Conjurer began the quest for the Orb.
     0 | D:1      | Reached XP level 1. HP: 14/14 MP: 3/3
   649 | D:1      | Reached XP level 2. HP: 20/20 MP: 3/5
  1161 | D:1      | Reached XP level 3. HP: 14/27 MP: 1/6
  1186 | D:1      | Frozen to death by an endoplasm

Illustrated notes

Levels and vault maps discovered:
D:1:      ldierk_walled_garden, layout_basic, ebering_ecumenical_altar_rust,
          minmay_liquid_box

Skill      XL: |  1  2 |
---------------+-------+-----
Dodging        | 2 |  2.2
Fighting       | |  0.3
Stealth        | |  1.8
Spellcasting   | |  2.2
Conjurations   | |  4.5

Action                   || total
-------------------------++-------
Melee: Unarmed           ||    13
       Tailslap          ||     9
       Dagger            ||    38
       Club              ||    11
 Cast: Magic Dart        ||    46
  Use: Potion            ||     4
       Scroll            ||     4
Armor: Skin              ||    58
Dodge: Dodged            ||   103

Table legend: (Time is in decaauts)
 A = Elapsed time spent in this place.
 B = Non-inter-level travel time spent in this place.
 C = Inter-level travel time spent in this place.
 D = Time resting spent in this place.
 E = Time spent auto-exploring this place.
 F = Levels seen in this place.
 G = Mean time per level.
                   A        B        C        D        E       F      G
               +--------+--------+--------+--------+--------+-----+--------+
         Total |   1188 |   1115 |     73 |    131 |    449 |   1 | 1188.0 |
       Dungeon |   1188 |   1115 |     73 |    131 |    449 |   1 | 1188.0 |
               +--------+--------+--------+--------+--------+-----+--------+

Top non-repeatable levels by time:
     D:1: 1188 daAuts
